AoeStats
← 我是菜鸟 请去打我队友

African Clearing

506343535Analyzed
4v4 RM · 18d ago on Sep 13, 2026· 35m 49s· 8 players
Game mode
Random Map
Map size
Large (8 player)
Population
200
Speed
Normal
Resources
Standard
Victory
Conquest
Starting age
Dark Age
Ending age
Imperial Age
RankedLock teamsTeams togetherTeam positionsShared explorationLock speedFull tech treeHidden civsTurbo modeCheats
Victory
Defeat
🇨🇳 Mongols · China
1638
+11
🇸🇬 Poles · Singapore
1561
+14
🇨🇳 Berbers · China
1558
+14
🇲🇽 Huns · Mexico
1428
+20
1554
-16
🇯🇵 Lithuanians · Japan
1549
-16
🇨🇳 Vietnamese · China
1534
-15
🇻🇳 Mongols · Vietnam
1444
-12
nanakusa
12:07 Feudal Age
12:50 Double-Bit Axe
14:09 Horse Collar
14:16 Loom
17:17 Wheelbarrow
18:37 Forging
22:18 Castle Age
20:56 Fletching
27:52 Town Watch
32:14 Hand Cart
37:15 Imperial Age
我是菜鸟 请去打我队友
3:35 Loom
14:21 Feudal Age
18:19 Castle Age
18:25 Fletching
姬七兮
3:39 Loom
13:13 Feudal Age
16:52 Fletching
27:40 Double-Bit Axe
33:50 Horse Collar
shogun
3:03 Loom
13:01 Feudal Age
13:59 Double-Bit Axe
15:49 Forging
19:57 Wheelbarrow
23:11 Castle Age
23:02 Horse Collar
23:18 Stone Mining
32:47 Stone Shaft Mining
34:30 Heavy Plow
34:49 Bow Saw
34:31 Fletching
34:43 Padded Archer Armor
34:52 Gold Mining
36:29 Hand Cart
雀巢阿帆
13:02 Feudal Age
13:20 Loom
17:28 Castle Age
16:30 Double-Bit Axe
19:30 Fletching
23:55 Padded Archer Armor
32:13 Bow Saw
32:53 Horse Collar
35:00 Wheelbarrow
35:07 Leather Archer Armor
35:40 Bloodlines
35:57 Heavy Plow
PIGGY FOR AGE
7:07 Loom
12:42 Feudal Age
13:56 Double-Bit Axe
18:00 Fletching
21:26 Horse Collar
26:55 Wheelbarrow
32:41 Castle Age
34:00 Bow Saw
34:04 Scale Barding Armor
真的很弱
4:40 Loom
11:37 Feudal Age
12:30 Town Watch
21:16 Fletching
21:45 Scale Barding Armor
22:43 Forging
24:14 Bloodlines
31:35 Castle Age
29:47 Horse Collar
29:55 Double-Bit Axe
31:08 Wheelbarrow
32:30 Husbandry
31:51 Light Cavalry
33:06 Chain Barding Armor
33:01 Bow Saw
34:07 Iron Casting
ArNuL
4:28 Loom
13:30 Feudal Age
14:40 Double-Bit Axe
17:21 Castle Age
17:24 Fletching
18:01 Bodkin Arrow
24:20 Padded Archer Armor
26:43 Husbandry
27:38 Bloodlines
31:50 Horse Collar
36:35 Wheelbarrow
Connection lost

Rejoining the realm…

Still unreachable

The connection could not be restored.

Session expired

The server has moved on; the page needs a fresh start.